 Dungeon Crawl Stone Soup version 0.25-a0-1126-g5fd7b56c60 (webtiles) character file.

Game seed: 1853185558454114411, levelgen mode: deterministic

39 Deyras the Skirmisher (level 3, -8/31 HPs)
             Began as a Draconian Fighter on May 19, 2020.
             Mangled by a gnoll
             ... wielding a +0 flail
              (9 damage)
             ... on level 1 of the Dungeon.
             The game lasted 00:06:15 (426 turns).

Deyras the Skirmisher (Draconian Fighter)            Turns: 426, Time: 00:06:15

Health: -8/31      AC:  5    Str: 19    XL:     3   Next: 28%
Magic:  3/3        EV: 10    Int:  8    God:
Gold:   77         SH:  9    Dex: 10    Spells: 2/2 levels left

rFire    . . .     SeeInvis .   a - +0 rapier
rCold    . . .     Gourm    .   b - +0 kite shield
rNeg     . . .     Faith    .   (armour unavailable)
rPois    .         Spirit   .   (helmet restricted)
rElec    .         Reflect  .   (no cloak)
rCorr    .         Harm     .   (no gloves)
MR       .....                  (no boots)
Stlth    +.........             (no amulet)
HPRegen  0.10/turn              (no ring)
MPRegen  0.08/turn              (no ring)

@: no status effects
A: unfitting armour, cold-blooded, AC +5
a: no special abilities


You were on level 1 of the Dungeon.
You were full.

You visited 1 branch of the dungeon, and saw 1 of its levels.

You collected 77 gold pieces.

Inventory:

Hand Weapons
 a - a +0 rapier (weapon)
 h - a +0 club
 i - a +0 dagger
 k - a +0 spear
Armour
 b - a +0 kite shield (worn)
 m - a cursed +0 ring mail
 n - a +0 scale mail
Scrolls
 e - a scroll of enchant weapon {unknown}
 f - 2 scrolls of blinking {unknown}
 g - a scroll of noise {unknown}
 j - 2 scrolls of identify {unknown}
 l - a scroll of fear {unknown}
 o - 3 scrolls of teleportation {unknown}
Potions
 c - a potion of might
Comestibles
 d - a ration
 p - a chunk of flesh


   Skills:
 + Level 3.6 Fighting
 + Level 2.6 Short Blades
 + Level 3.1 Dodging
 + Level 3.3 Shields


You had 2 spell levels left.
You didn't know any spells.
Your spell library was empty.

Dungeon Overview and Level Annotations

Branches:
Dungeon (1/15)

Altars:


Innate Abilities, Weirdness & Mutations

Your plain brown scales are hard. (AC +5)
You cannot fit into any form of body armour.
You are cold-blooded and may be slowed by cold attacks.


Message History

You block the bat's attack.
You puncture the bat!
You kill the bat!
The kobold throws a stone.
The stone barely misses you.
The kobold throws a stone.
The stone hits you but does no damage.
Things that are here:
a stone; a bat corpse You hit the kobold.
You tail-slap the kobold.
You kill the kobold!
You hit the gnoll.
Your tail-slap misses the gnoll.
The gnoll is lightly wounded.
The gnoll hits you with a +0 flail.
* * * LOW HITPOINT WARNING * * *
You closely miss the gnoll.
The gnoll is lightly wounded.
You block the gnoll's attack.
You hit the gnoll.
Your tail-slap misses the gnoll.
The gnoll is moderately wounded.
The gnoll hits you with a +0 flail!
You die...

#...(†###### ###... #.....#
#..... #...>.# ### #.##..
#....†#### .. ...##.. #........#
#.# #######... #...†)##.### ##..#
#......... #..)..##...#### #..#
#.........
####.†..##....####.#####(.....÷..
#....#####...@g......(........
#....####.....#.#########.###.
#.........####..# ##.#...
#........# ##.## #......
#........## #..# #####..###.
#####.....###.######......# #.
##..................#.###.
#####.#######.#.#.......( #.#
#.##.......


You could see a gnoll.

Vanquished Creatures
  A gnoll (D:1)
  3 dart slugs (D:1)
  A leopard gecko (D:1)
  5 bats (D:1)
  2 giant cockroaches (D:1)
  3 hobgoblins (D:1)
  4 kobolds (D:1)
  A goblin (D:1)
  2 rats (D:1)
22 creatures vanquished.

Notes
Turn   | Place    | Note
-------+----------+-------------------------------------------
     0 | D:1      | Deyras the Draconian Fighter began the quest for the Orb.
     0 | D:1      | Reached XP level 1. HP: 19/19 MP: 1/1
    62 | D:1      | Reached XP level 2. HP: 17/26 MP: 2/2
   363 | D:1      | Reached XP level 3. HP: 2/31 MP: 3/3
   424 | D:1      | HP: 1/31 [gnoll/+0 flail (6)]
   426 | D:1      | Mangled by a gnoll

Illustrated notes

Levels and vault maps discovered:
D:1:      lemuel_arrival_muddy, layout_rooms

Skill      XL: |  1  2 |
---------------+-------+-----
Dodging        | 3 |  3.1
Fighting       | |  3.6
Short Blades   | |  2.6
Shields        | |  3.3

Action                   || total
-------------------------++-------
Melee: Rapier            ||    78
       Tailslap          ||     8
  Eat: Ration            ||     1
Armor: Skin              ||    27
Dodge: Dodged            ||    56
Block: Kite shield       ||    46

Table legend:
 A = Non-vault XP
 B = Vault XP
 C = Vault XP percentage of total XP
 D = Non-vault monster count
 E = Vault monster count
 F = Vault count percentage of total count
                 A         B        C        D         E       F
            +---------+---------+-------+---------+---------+-------
      Total |      57 |       0 |   0.0 |      22 |       0 |   0.0
            +---------+---------+-------+---------+---------+-------
        D:1 |      57 |       0 |   0.0 |      22 |       0 |   0.0
            +---------+---------+-------+---------+---------+-------
